 Dungeon Sprint DCSS version 0.30-a0-802-gb92711bcdf (webtiles) character file.

Game seed: 15934348810966399122

3800000 BigDaddyOpFi the Intangible (level 22, -34/194 HPs)
             Began as a Djinni Transmuter on Feb 23, 2023.
             Was the Champion of Makhleb.
             Annihilated by The Servant
             ... wielding a +9 glaive of flaming
              (140 damage)
             ... in the Dungeon (Sprint VIII: "Arena of Blood").
             The game lasted 00:00:55 (38 turns).

BigDaddyOpFi the Intangible (Djinni Transmuter)       Turns: 38, Time: 00:00:56

Health: -34/194    AC:  4    Str:  9    XL:     22   Next: 77%
Gold:   0          EV: 38    Int: 15    God:    Makhleb [******] SH:  0 Dex: 25

rFire   + + .      SeeInvis .    h - +∞ Axe of Woe
rCold   x . .      Faith    .    (shield currently unavailable)
rNeg    . . .      Spirit   .    a - +0 robe
rPois   ∞          Reflect  .    (no helmet)
rElec   .          Harm     .    (no cloak)
rCorr   .          Rampage  .    (no gloves)
Will    ++...      NoTele   +    (boots unavailable)
Stlth   ++++++++++               (no amulet)
HPRegen 0.52/turn                (no ring)
MPRegen 0.00/turn                (no ring)

@: flying
A: sickness immunity, fire resistance 2, cold vulnerability 1, float, innate
caster, HP casting, extra vitality 1
a: Renounce Religion, Minor Destruction, Lesser Servant of Makhleb, Major
Destruction, Greater Servant of Makhleb


You were in the Dungeon.
You worshipped Makhleb.
Makhleb was exalted by your worship.
You visited 1 branch

Inventory:

Hand Weapons
 h - the +∞ Axe of Woe (weapon)
   (You found it in the Dungeon)
Armour
 a - a +0 robe (worn)
Scrolls
 g - a scroll of blinking
Potions
 b - a potion of lignification
 c - a potion of curing
 d - a potion of heal wounds
 e - a potion of haste
 f - a potion of berserk rage


   Skills:
 O Level 27 Fighting
 + Level 26.7 Axes
 O Level 27 Armour
 O Level 27 Dodging
 O Level 27 Stealth
 O Level 27 Unarmed Combat
 + Level 26.9 Spellcasting
 O Level 27 Invocations


You knew the following spells:

 Your Spells              Type           Power      Damage    Failure   Level
a - Beastly Appendage     Tmut           100%       N/A       0%          1
b - Wereblood             Tmut           79%        N/A       0%          2
c - Spider Form           Tmut/Pois      79%        N/A       0%          3
d - Ice Form              Ice/Tmut       79%        N/A       0%          4
e - Magic Dart            Conj           100%       1d8       0%          1
f - Poisonous Vapours     Pois/Air       100%       N/A       0%          2
g - Static Discharge      Conj/Air       100%       2-7/arc   0%          2
h - Kindle Blastsparks    Fire/Tloc/Air  100%       2d18      0%          3
i - Fireball              Conj/Fire      39%        3d16      0%          5
j - Agony                 Necr           79%        N/A       0%          5
k - Eringya's Noxious Bo  Tmut/Pois      39%        N/A       0%          6
l - Dragon Form           Tmut           39%        N/A       1%          7
m - Orb of Destruction    Conj           39%        9d11      1%          7
n - Infestation           Necr           39%        N/A       1%          8
Your spell library was empty.

Dungeon Overview and Level Annotations

Branches:
Dungeon (1/1)

Altars:
Makhleb

Annotations:
D The Servant


Innate Abilities, Weirdness & Mutations

You are immune to sickness and miasma.
You are immune to poison.
Your flesh is very heat resistant. (rF++)
You are vulnerable to cold. (rC-)
You float through the air rather than walking.
You learn spells naturally, not from books.
Your magical power is your life essence.
You have superior vitality. (+4 MHP)


Message History

You feel better.
You hear a shout! x7
Your Axes skill gained 3 levels and is now at level 25!
You have mastered Armour!
Your Stealth skill gained 2 levels and is now at level 26!
Your Spellcasting skill gained 2 levels and is now at level 25!
You have mastered Invocations!
You have reached level 22!
You hear a shout! x3
The Servant completely misses you.
A meat berserker comes into view. It is wielding a +9 battleaxe.
A bag of meat comes into view. It is wielding a +9 war axe.
You hear a shout! x5
The meat berserker hits you with a +9 battleaxe!!!
Unknown command.
You slice the bag of meat!!
You slaughter the bag of meat joyfully.
You kill the bag of meat!
Makhleb accepts your kill.
You feel better.
You slash the meat berserker!
You hew the meat berserker savagely.
You kill the meat berserker!
Makhleb accepts your kill.
You feel better.
The Servant hits you from afar with a +9 glaive of flaming!!
The Servant burns you.
You hear a shout! x2
The meat berserker rages.
You hear a shout! x4
Your Axes skill increases to level 26!
You have mastered Stealth!
Your Spellcasting skill increases to level 26!
Unknown command.
You hit the meat berserker but do no damage.
You chop the meat berserker into pieces.
You kill the meat berserker!
Makhleb accepts your kill.
You hear a shout! x3
A destroyer comes into view. It is wielding a +9 heavy great sword.
The Servant hits you from afar with a +9 glaive of flaming!!!!
Ouch! That really hurt!
You die...

.. ..... #. ...#
#.. ...# . .###..
.O.###..
......###......
......_.....
#....z# #_.@)_#
#...)@#
......_.)).o....
......###....o...
.###V. ...###.o.
#.. ...# .. #.
....# .. .....
......


You could see The Servant, a destroyer (wandering), a sculptor of flesh, a meat
berserker (berserk) and 3 bags of meat.

Vanquished Creatures
  3 vampire knights (D)
  13 ogres (D)
  26 orcs (D)
  A skeletal warrior (D)
43 creatures vanquished.

Notes
Turn   | Place    | Note
-------+----------+-------------------------------------------
     0 | D        | Found the +∞ Axe of Woe
     0 | D        | BigDaddyOpFi the Djinni Transmuter began the quest for the
                  | Orb.
     0 | D        | BigDaddyOpFi set off with the following spells memorised:
                  | Beastly Appendage, Wereblood, Spider Form, Ice Form.
     0 | D        | Reached XP level 1. HP: 17/17 MP: 0/0
     2 | D        | Noticed a meat berserker
     2 | D        | Noticed a bag of meat
     2 | D        | Noticed a bag of meat
     4 | D        | Became a worshipper of Makhleb the Destroyer
     4 | D        | Noticed a bag of meat
     4 | D        | Noticed a bag of meat
     4 | D        | Noticed a bag of meat
     5 | D        | Killed a meat berserker
     5 | D        | Noticed a bag of meat
     5 | D        | Noticed a bag of meat
     5 | D        | Noticed a meat berserker
     6 | D        | Reached skill level 15 in Fighting
     6 | D        | Reached skill level 15 in Unarmed Combat
     6 | D        | Reached XP level 2. HP: 43/43 MP: 0/0
     6 | D        | Reached XP level 3. HP: 49/49 MP: 0/0
     6 | D        | Learned a level 1 spell: Magic Dart
     6 | D        | Reached XP level 4. HP: 55/55 MP: 0/0
     6 | D        | Reached XP level 5. HP: 60/60 MP: 0/0
     6 | D        | Learned a level 2 spell: Poisonous Vapours
     6 | D        | Reached XP level 6. HP: 67/67 MP: 0/0
     6 | D        | Reached XP level 7. HP: 72/72 MP: 0/0
     6 | D        | Learned a level 2 spell: Static Discharge
     6 | D        | Reached XP level 8. HP: 78/78 MP: 0/0
     6 | D        | Reached XP level 9. HP: 84/84 MP: 0/0
     6 | D        | Learned a level 3 spell: Kindle Blastsparks
     6 | D        | Reached XP level 10. HP: 90/90 MP: 0/0
     6 | D        | Reached XP level 11. HP: 95/95 MP: 0/0
     6 | D        | Learned a level 5 spell: Fireball
     6 | D        | Reached XP level 12. HP: 102/102 MP: 0/0
     7 | D        | Killed a bag of meat
     7 | D        | Reached * piety under Makhleb
     7 | D        | Killed a bag of meat
     7 | D        | Noticed a meat berserker
     7 | D        | Noticed a bag of meat
     8 | D        | Reached skill level 5 in Axes
     8 | D        | Reached skill level 5 in Stealth
     8 | D        | Reached XP level 13. HP: 76/111 MP: 0/0
     8 | D        | Learned a level 5 spell: Agony
     8 | D        | Killed a bag of meat
     8 | D        | Killed a bag of meat
     8 | D        | Reached ** piety under Makhleb
     8 | D        | Noticed a meat berserker
     8 | D        | Noticed a bag of meat
     9 | D        | Reached XP level 14. HP: 32/119 MP: 0/0
     9 | D        | Noticed a meat berserker
     9 | D        | Killed a meat berserker
     9 | D        | Killed a bag of meat
     9 | D        | Noticed a meat berserker
     9 | D        | Noticed a bag of meat
    10 | D        | Reached skill level 10 in Stealth
    10 | D        | Reached XP level 15. HP: 91/127 MP: 0/0
    10 | D        | Learned a level 6 spell: Eringya's Noxious Bog
    10 | D        | Killed a meat berserker
    10 | D        | Reached *** piety under Makhleb
    11 | D        | Reached skill level 15 in Spellcasting
    11 | D        | Reached XP level 16. HP: 129/136 MP: 0/0
    11 | D        | Killed a meat berserker
    12 | D        | Killed a meat berserker
    12 | D        | Reached **** piety under Makhleb
    13 | D        | Reached XP level 17. HP: 145/145 MP: 0/0
    13 | D        | Learned a level 7 spell: Dragon Form
    13 | D        | Killed a meat berserker
    13 | D        | Noticed a meat berserker
    14 | D        | Reached ***** piety under Makhleb
    15 | D        | Reached skill level 15 in Stealth
    16 | D        | Reached skill level 15 in Axes
    16 | D        | Reached XP level 18. HP: 157/157 MP: 0/0
    16 | D        | Noticed a meat berserker
    18 | D        | Killed a meat berserker
    18 | D        | Reached ****** piety under Makhleb
    19 | D        | Reached XP level 19. HP: 166/166 MP: 0/0
    19 | D        | Learned a level 7 spell: Orb of Destruction
    19 | D        | Noticed a destroyer
    20 | D        | Killed a meat berserker
    21 | D        | Noticed a meat berserker
    22 | D        | Reached skill level 27 in Dodging
    22 | D        | Reached XP level 20. HP: 176/176 MP: 0/0
    24 | D        | Killed a meat berserker
    24 | D        | Noticed a meat berserker
    25 | D        | Noticed The Servant
    25 | D        | Killed a destroyer
    26 | D        | Reached skill level 27 in Fighting
    26 | D        | Reached skill level 27 in Unarmed Combat
    26 | D        | Reached XP level 21. HP: 187/187 MP: 0/0
    26 | D        | Learned a level 8 spell: Infestation
    26 | D        | Noticed a destroyer
    29 | D        | Killed a meat berserker
    30 | D        | Noticed a meat berserker
    31 | D        | Noticed a destroyer
    31 | D        | Killed a destroyer
    33 | D        | Noticed a meat berserker
    33 | D        | Noticed a meat berserker
    35 | D        | Killed a meat berserker
    35 | D        | Killed a destroyer
    36 | D        | Reached skill level 27 in Armour
    36 | D        | Reached skill level 27 in Invocations
    36 | D        | Reached XP level 22. HP: 117/194 MP: 0/0
    36 | D        | Noticed a meat berserker
    37 | D        | Killed a meat berserker
    38 | D        | Reached skill level 27 in Stealth
    38 | D        | Killed a meat berserker
    38 | D        | Noticed a destroyer
    38 | D        | Annihilated by The Servant

Illustrated notes

Levels and vault maps discovered:
D:        meatsprint

Skill      XL: |  1  2  3  4  5  6  7  8  9 10 11 12 13 14 15 16 17 18 19 20 21 22 |
---------------+-------------------------------------------------------------------+-----
Fighting       | 15 16 17 18 19 20 22 23 25 27 | 27.0
Dodging        | 16 17 18 20 21 22 24 25 27 | 27.0
Unarmed Combat | 15 16 17 18 19 20 22 23 25 27 | 27.0
Spellcasting   | 12 13 14 15 16 17 19 20 21 25 26 | 26.9
Axes           | 5 7 9 11 12 15 16 18 20 25 26 | 26.7
Armour         | 6 9 11 13 14 17 19 21 23 27 | 27.0
Stealth        | 5 8 10 11 13 16 17 19 22 26 27 | 27.0
Invocations    | 6 8 11 13 14 17 19 21 23 27 | 27.0

Action                     |  1- 3 |  4- 6 |  7- 9 | 10-12 | 13-15 | 16-18 | 19-21 | 22-24 || total
---------------------------+-------+-------+-------+-------+-------+-------+-------+-------++-------
  Melee: Executioner's axe |     1 |       |       |     1 |     3 |     7 |    12 |     2 ||    26
  Dodge: Dodged            |       |       |       |     1 |       |     2 |     3 |     1 ||     7

Table legend: (Time is in decaauts)
 A = Elapsed time spent in this place.
 B = Non-inter-level travel time spent in this place.
 C = Inter-level travel time spent in this place.
 D = Time resting spent in this place.
 E = Time spent auto-exploring this place.
 F = Levels seen in this place.
 G = Mean time per level.
                   A        B        C        D        E       F      G
               +--------+--------+--------+--------+--------+-----+--------+
         Total |     41 |     41 |      0 |      0 |      0 |   1 |   41.0 |
       Dungeon |     41 |     41 |      0 |      0 |      0 |   1 |   41.0 |
               +--------+--------+--------+--------+--------+-----+--------+

Top non-repeatable levels by time:
       D: 41 daAuts
